 Dungeon Crawl Stone Soup version 0.31.0-32-g396128a36d (webtiles) character file.

Game seed: 2835407897714075709

12459 monsoonserge the Slicer (level 11, -1/85 HPs)
             Began as a Demonspawn Reaver on Mar 28, 2024.
             Was a Priest of Kikubaaqudgha.
             Killed by vampiric draining
             ... invoked by a vampire
              (10 damage)
             ... on level 12 of the Dungeon.
             The game lasted 00:57:36 (10719 turns).

monsoonserge the Slicer (Demonspawn Reaver)        Turns: 10719, Time: 00:57:37

Health: -1/85      AC: 13    Str: 13    XL:     11   Next: 62%
Magic:  15/15      EV: 12    Int: 23    God:    Kikubaaqudgha [***...]
Gold:   1602       SH:  5    Dex: 12    Spells: 9/16 levels left

rFire   + . .        A - +2 dagger (drain)
rCold   . . .        G - +0 buckler
rNeg    . . .        F - +2 ring mail {rF+}
rPois   .            (helmet restricted)
rElec   .            (no cloak)
rCorr   .            M - +0 pair of gloves
SInv    +            b - +0 pair of boots
Will    .....        w - amulet of regeneration
Stlth   ++           T - ring of see invisible
HPRegen 1.14/turn    i - +6 ring of intelligence
MPRegen 0.14/turn

%: no passive effects
@: mighty
A: horns 1, rugged brown scales 2, spiny 2, demonic magic 3
a: Renounce Religion, Unearth Wretches


You were on level 12 of the Dungeon.
You worshipped Kikubaaqudgha.
Kikubaaqudgha was most pleased with you.
You visited 2 branches of the dungeon, and saw 13 of its levels.

You collected 1769 gold pieces.
You spent 167 gold pieces at shops.

Inventory:

Hand Weapons
 A - a +2 dagger of draining (weapon)
Missiles
 c - 8 datura-tipped darts
 l - 3 curare-tipped darts
 B - 3 stones
 K - 2 boomerangs (quivered)
Armour
 a - a +2 scale mail of poison resistance
 b - a +0 pair of boots (worn)
 x - a +0 kite shield
 F - a +2 ring mail of fire resistance (worn)
 G - a +0 buckler (worn)
 L - a +2 robe of willpower
 M - a +0 pair of gloves (worn)
Magical Staves
 v - a staff of death
Jewellery
 d - an amulet of the acrobat
 i - a +6 ring of intelligence (right hand)
 w - an amulet of regeneration (around neck)
 y - a ring of resist corrosion
 T - a ring of see invisible (left hand)
Talismans
 o - a maw talisman
Wands
 e - a wand of polymorph (10)
 J - a wand of flame (23)
 N - a wand of paralysis (6)
Scrolls
 n - 3 scrolls of teleportation
 p - 2 scrolls of torment
 r - 2 scrolls of enchant weapon
 s - a scroll of vulnerability
 t - 3 scrolls of immolation {unknown}
 z - 2 scrolls of noise {unknown}
 C - a scroll of revelation {unknown}
 E - a scroll of amnesia {unknown}
 H - 2 scrolls of enchant armour {unknown}
 P - a scroll of butterflies {unknown}
 Q - a scroll of poison {unknown}
 R - a scroll of silence {unknown}
 S - a scroll of identify
Potions
 f - 3 potions of ambrosia
 g - a potion of magic
 h - 2 potions of enlightenment
 j - 2 potions of curing
 k - a potion of cancellation
 m - 4 potions of mutation
 q - 2 potions of brilliance
 u - a potion of lignification
 D - 3 potions of might
 I - a potion of berserk rage {unknown}
 O - a potion of invisibility {unknown}


   Skills:
 + Level 6.0 Fighting
 * Level 8.2(8.6) Short Blades
 - Level 3.7(6.4) Long Blades
 + Level 1.0 Throwing
 + Level 7.9 Armour
 + Level 5.3 Dodging
 + Level 5.2 Stealth
 * Level 5.4 Shields
 - Level 3.0 Spellcasting
 - Level 4.0 Conjurations
 * Level 7.0 Necromancy
 + Level 1.0 Evocations


You had 9 spell levels left.
You knew the following spells:

 Your Spells              Type           Power      Damage    Failure   Level
a - Kiss of Death         Conj/Necr      100%       2d13      3%          1
b - Vampiric Draining     Necr           35%        2d8       4%          3
c - Fugue of the Fallen   Necr           35%        N/A       4%          3

Your spell library contained the following spells:

 Spells                   Type           Power      Damage    Failure   Level
 Sublimation of Blood     Necr           35%        N/A       2%          2
 Magic Dart               Conj           84%        1d7       5%          1
 Searing Ray              Conj           42%        2d6       9%          2
 Cigotuvi's Dreadful Rot  Necr/Alch/Air  28%        N/A       17%         2
 Momentum Strike          Conj/Tloc      24%        3d8       19%         2
 Hailstorm                Conj/Ice       12%        3d6       36%         3
 Ensorcelled Hibernation  Hex/Ice        6%         N/A       41%         2
 Jinxbite                 Hex            6%         N/A       41%         2
 Curse of Agony           Necr           35%        N/A       41%         5
 Anguish                  Hex/Necr       9%         N/A       56%         4
 Inner Flame              Hex/Fire       3%         N/A       65%         3
 Passwall                 Erth           3%         N/A       65%         3
 Swiftness                Air            3%         N/A       65%         3
 Flame Wave               Conj/Fire      12%        2d6       77%         4
 Fulminant Prism          Conj/Alch      6%         3d7       77%         4
 Iskenderun's Battlesphe  Conj           21%        2d7       83%         5
 Borgnjor's Vile Clutch   Necr/Erth      9%         N/A       88%         5
 Death Channel            Necr           17%        N/A       94%         6
 Sticky Flame             Fire/Alch      3%         2d4       96%         4
 Yara's Violent Unravell  Hex/Alch       1%         3d3       100%        5
 Bombard                  Conj/Erth      6%         9d2       100%        6
 Enfeeble                 Hex            1%         N/A       100%        7
 Spellforged Servitor     Conj/Summ      6%         N/A       100%        7


Dungeon Overview and Level Annotations

Branches:
Dungeon (12/15)            Temple (1/1) D:5            Lair (0/5) D:9
    Orc (0/2) D:12

Altars:
Ashenzari
Cheibriados
Dithmenos
Fedhas
Gozag
Hepliaklqana
Kikubaaqudgha
Makhleb
Nemelex Xobeh
Okawaru
Qazlal
Ru
Sif Muna
Trog
Uskayaw
Vehumet
Wu Jian
Xom
Yredelemnul

Shops:
D:5 [[[**

Annotations:
D:6 dig
D:10 3 runed translucent doors
D:12 1 runed translucent door


Innate Abilities, Weirdness & Mutations

You have a pair of small horns on your head.
You are mostly covered in rugged brown scales. (AC +2, +5% HP)
You are mostly covered in sharp spines.
Spells you cast and wands you use may paralyse nearby enemies.


Message History

Something hits you but does no damage. Something bites you!
Something draws strength from your injuries!
There is an open door, spattered with blood here.
You see here a ring of see invisible.
You hit something. You hit something but do no damage. Something hits you!
You block something's attack.
T - a ring of see invisible Something hits you!
* * * LOW HITPOINT WARNING * * *
Something bites you!
* * * LOW HITPOINT WARNING * * *
Something draws strength from your injuries!
Okay, then.
You're wearing all the rings you can.
Remove which one? (? for menu, Esc to cancel) < or
y - a ring of resist corrosion; > or
i - a +6 ring of intelligence You remove your ring of resist corrosion.
Reactivating autopickup.
T - a ring of see invisible (left hand)
The vampire misses you.
The vampire bites you but does no damage.
You hit the vampire.
The vampire is lightly damaged.
You hit the vampire.
The vampire is moderately damaged.
You block the vampire's attack.
The vampire bites you but does no damage.
You hit the vampire.
The vampire is heavily damaged.
The vampire barely misses you. The vampire bites you!
* * * LOW HITPOINT WARNING * * *
The vampire draws strength from your injuries!
You puncture the vampire! Your headbutt misses the vampire.
The vampire is severely damaged.
You closely miss the vampire.
The vampire is severely damaged.
The vampire draws life force from you!
You die...
Kikubaaqudgha rasps: "You have failed me!
Welcome... death!"

.# +# #....<
{.# #...?.# ..#
#.....# ..#
#....!# ..#
#.....# ### ..+
#.....# 8....
..#
+.....######
..### ..#
#.....@....#
#'##
#....V####.#
#.. ####'## #.>
#..# . #.##
######.##
#.......#######
#......)......#
#.......#####.#
#########


You could see a vampire (invisible).

Vanquished Creatures
  2 two-headed ogres (D:9)
  Pikel (D:8)
  A cyclops (D:12)
  2 slime creatures (D:12)
  A gargoyle (D:12)
  A kobold demonologist (D:12)
  An unseen horror (D:11)
  A troll (D:10)
  3 hornets
  Prince Ribbit (D:8)
  A wyvern (D:8)
  26 yaks
  A vampire (D:12)
  A steam dragon (D:9)
  A basilisk (D:12)
  Eustachio (D:4)
  5 vampire mosquitoes
  2 water moccasins
  6 orc warriors
  2 ice beasts
  An ogre (D:5)
  2 centaurs
  3 lemures
  4 bullfrogs
  A gnoll sergeant (D:9)
  5 scorpions
  A wight (D:7)
  3 killer bees (D:8)
  4 howler monkeys
  A bombardier beetle (D:5)
  3 orc priests
  4 hounds
  A jelly (D:7)
  A sleepcap (D:5)
  5 iguanas
  12 orc wizards
  7 gnolls
  5 adders
  2 shadow imps (D:7)
  2 ufetubi (D:7)
  A dart slug (D:4)
  2 ribbon worms (D:2)
  56 orcs
  4 bats
  4 endoplasms
  5 giant cockroaches
  3 goblins
  2 hobgoblins
  10 jackals
  4 quokkas
  3 ball pythons
  2 frilled lizards
  4 kobolds
  4 rats
231 creatures vanquished.

Notes
Turn   | Place    | Note
-------+----------+-------------------------------------------
     0 | D:1      | monsoonserge the Demonspawn Reaver began the quest for the
                  | Orb.
     0 | D:1      | Reached XP level 1. HP: 16/16 MP: 3/3
   269 | D:1      | Gained mutation: You are partially covered in rugged brown
                  | scales. (AC +1, +3% HP) [demonic ancestry]
   269 | D:1      | Reached XP level 2. HP: 16/22 MP: 5/5
   755 | D:2      | Found a faded altar of an unknown god.
   819 | D:2      | Reached skill level 1 in Armour
   970 | D:2      | Gained mutation: You are partially covered in sharp spines.
                  | [demonic ancestry]
   970 | D:2      | Reached XP level 3. HP: 25/27 MP: 6/6
  1418 | D:3      | Found an ornate altar of the Wu Jian Council.
  1706 | D:3      | Reached XP level 4. HP: 35/35 MP: 7/7
  2039 | D:3      | Gained mutation: You are mostly covered in rugged brown
                  | scales. (AC +2, +5% HP) [demonic ancestry]
  2039 | D:3      | Reached XP level 5. HP: 20/40 MP: 8/8
  2101 | D:3      | Reached skill level 1 in Shields
  2317 | D:4      | Gained mutation: Spells you cast may paralyse adjacent
                  | enemies. [demonic ancestry]
  2317 | D:4      | Reached XP level 6. HP: 48/48 MP: 9/9
  2573 | D:4      | Noticed Eustachio
  2614 | D:4      | Killed Eustachio
  2615 | D:4      | Reached skill level 1 in Short Blades
  2615 | D:4      | Reached skill level 1 in Stealth
  2819 | D:4      | Found a broken altar of Ashenzari.
  3018 | D:5      | Entered Level 5 of the Dungeon
  3037 | D:5      | Reached skill level 1 in Necromancy
  3084 | D:5      | Gained mutation: Spells you cast may paralyse nearby
                  | enemies. [demonic ancestry]
  3084 | D:5      | Reached XP level 7. HP: 49/54 MP: 10/10
  3147 | D:5      | Reached skill level 2 in Short Blades
  3221 | D:5      | Found Qekhiju's Assorted Antiques.
  3227 | D:5      | Bought a scroll labelled VYNWUV KINNUIWNA for 27 gold
                  | pieces
  3227 | D:5      | Bought a scroll labelled DIOSAB MAISMOU for 27 gold pieces
  3227 | D:5      | Bought a clear potion for 24 gold pieces
  3227 | D:5      | Bought an emerald potion for 24 gold pieces
  3253 | D:5      | Found Qifydgha's Armour Shoppe.
  3297 | D:5      | Found a staircase to the Ecumenical Temple.
  3303 | Temple   | Entered the Ecumenical Temple
  3318 | Temple   | Became a worshipper of Kikubaaqudgha
  3377 | D:5      | Acquired 1101 gold pieces
  3439 | D:5      | Found Hoakkywy's Armour Shop.
  3468 | D:5      | Reached skill level 5 in Armour
  3750 | D:5      | Gained mutation: You are mostly covered in sharp spines.
                  | [demonic ancestry]
  3750 | D:5      | Reached XP level 8. HP: 48/51 MP: 11/11
  3927 | D:5      | Reached skill level 3 in Short Blades
  3973 | D:5      | Found Sinaaty's Armour Shoppe.
  4048 | D:5      | Found Fynt's General Store.
  4059 | D:5      | Bought a potion of degeneration for 13 gold pieces
  4059 | D:5      | Bought a potion of might for 52 gold pieces
  4428 | D:6      | Found an iron altar of Okawaru.
  4474 | D:6      | Reached skill level 4 in Short Blades
  4883 | D:6      | Gained mutation: You have a pair of small horns on your
                  | head. [demonic ancestry]
  4883 | D:6      | Reached XP level 9. HP: 26/54 MP: 8/12
  5030 | D:6      | Found a sacrificial altar of Ru.
  5559 | D:7      | Reached * piety under Kikubaaqudgha
  5559 | D:7      | Received a gift from Kikubaaqudgha
  5573 | D:7      | Reached skill level 5 in Short Blades
  5975 | D:7      | Found the Hermit's Pendant {Faith Invo=14 Evo=0 MP+5}
  6283 | D:8      | Paralysed by a hornet for 2 turns
  6416 | D:8      | Noticed Pikel
  6735 | D:8      | Reached skill level 6 in Short Blades
  6795 | D:8      | Noticed Prince Ribbit
  6811 | D:8      | Killed Prince Ribbit
  6945 | D:8      | Found a stormy altar of Qazlal.
  7473 | D:8      | Killed Pikel
  7474 | D:8      | Gained mutation: Spells you cast and wands you use may
                  | paralyse nearby enemies. [demonic ancestry]
  7474 | D:8      | Reached XP level 10. HP: 65/75 MP: 11/13
  7492 | D:8      | Learned a level 3 spell: Fugue of the Fallen
  7496 | D:8      | Learned a level 3 spell: Vampiric Draining
  7934 | D:9      | Noticed a two-headed ogre
  7938 | D:9      | Reached skill level 1 in Evocations
  7939 | D:9      | Killed a two-headed ogre
  7969 | D:9      | Reached skill level 5 in Fighting
  7998 | D:9      | Reached ** piety under Kikubaaqudgha
  7999 | D:9      | Reached skill level 7 in Short Blades
  8256 | D:9      | Found a staircase to the Lair.
  8428 | D:9      | Reached skill level 1 in Throwing
  8439 | D:9      | Reached skill level 5 in Necromancy
  8542 | D:9      | Noticed a two-headed ogre
  8549 | D:9      | Killed a two-headed ogre
  8550 | D:9      | Reached XP level 11. HP: 71/79 MP: 9/15
  8875 | D:10     | Entered Level 10 of the Dungeon
  9426 | D:9      | Reached skill level 5 in Shields
  9527 | D:10     | Found a runed translucent gate.
  9527 | D:10     | Found a runed translucent gate.
  9527 | D:10     | Found a runed translucent gate.
  9527 | D:10     | Noticed a white ugly thing
  9527 | D:10     | Noticed a brown ugly thing
  9528 | D:10     | Noticed a brown ugly thing
  9528 | D:10     | Noticed a cyan ugly thing
  9528 | D:10     | Noticed a glowing orange brain
  9529 | D:10     | Noticed a red ugly thing
  9544 | D:10     | Found a shimmering blue altar of Sif Muna.
  9801 | D:10     | Found a basalt altar of Yredelemnul.
  9802 | D:10     | Found a hide-covered altar of Uskayaw.
  9803 | D:10     | Found a burning altar of Makhleb.
  9984 | D:11     | Noticed a boulder beetle
 10063 | D:12     | Reached skill level 8 in Short Blades
 10265 | D:12     | Reached skill level 5 in Dodging
 10345 | D:12     | Reached *** piety under Kikubaaqudgha
 10345 | D:12     | Received a gift from Kikubaaqudgha
 10355 | D:12     | Reached skill level 5 in Stealth
 10439 | D:12     | Found a staircase to the Orcish Mines.
 10578 | D:12     | Found a runed translucent door.
 10585 | D:12     | Noticed a war gargoyle
 10586 | D:12     | Noticed an eight-headed hydra
 10586 | D:12     | Noticed a lich
 10587 | D:12     | Noticed a flayed ghost
 10587 | D:12     | Noticed a skeletal warrior
 10719 | D:12     | Killed from afar by a vampire

Illustrated notes

Levels and vault maps discovered:
D:1:      tekkud_arrival_beachfront_property, layout_rooms,
          hangedman_decor_clover_reticule
D:2:      layout_basic, shapermc_ecumenical_altar_starsandcircs, minmay_ruptured
D:3:      layout_loops_ring, lemuel_tele_altar, nzn_wu_jian_contemplation
D:4:      layout_basic, nicolae_ashenzari_panopticon, minmay_misc_feat_doors,
          nicolae_titane, uniq_eustachio
D:5:      layout_layer_cave, minmay_temple_entry_hall, serial_shops, shop, shop,
          nicolae_shop_tiny_glass, shop, shop
D:6:      layout_basic, mainiacjoe_overflow_alcove_4, nicolae_ru_path_of_blood,
          due_unseen_surprise
D:7:      layout_cave_pools, serial_column_ruins, column_ruins_hut_water,
          column_ruins_open_small, column_ruins_columns_straight,
          column_ruins_grid_1, column_ruins_corridor_straight,
          column_ruins_columns_dead_end, column_ruins_open_tiny
D:8:      layout_layer_cave, marbit_many_paths, hex_medium,
          minmay_misc_feat_diagonals, uniq_pikel, uniq_prince_ribbit1
D:9:      layout_irregular_city, lair_entry_dummy, serial_column_ruins,
          column_ruins_square_medium, column_ruins_hut, column_ruins_open_small,
          column_ruins_columns_straight, column_ruins_columns_corner,
          column_ruins_open_tiny, chequers_serial_rivers_micro_c,
          chequers_serial_rivers_micro_a, grunt_decor_one_mirror
D:10:     layout_long_grid, amcnicky_altar_gilded, mainiacjoe_overflow_alcove_3,
          ploomutoo_gammafunk_ghost_potion_laboratory
D:11:     layout_cave_pools, hellmonk_ghost_happy_afterlife, serial_shops,
          nicolae_shop_peninsula, uniq_maurice
D:12:     layout_roguey, hiddenorc2_lemuel, muffindrake_ghost_dual_entry
Temple:   jpeg_temple_clearing

Skill      XL: |  1  2  3  4  5  6  7  8  9 10 11 |
---------------+----------------------------------+-----
Long Blades    | 3 |  3.7
Armour         | 1 2 3 4 5 6 7 |  7.9
Dodging        | 2 3 4 5 |  5.3
Shields        | 1 3 4 5 |  5.4
Fighting       | 3 4 5 6 |  6.0
Short Blades   | 1 2 4 6 7 8 |  8.2
Stealth        | 1 2 3 4 5 |  5.2
Necromancy     | 1 2 4 5 7 |  7.0
Evocations     | 1 |  1.0
Conjurations   | 4 |  4.0
Throwing       | 1 |  1.0
Spellcasting   | 3 |  3.0

Action                     |  1- 3 |  4- 6 |  7- 9 | 10-12 || total
---------------------------+-------+-------+-------+-------++-------
  Melee: Falchion          |   152 |    76 |       |       ||   228
         Punch             |     1 |       |     3 |       ||     4
         Dagger            |       |    98 |   292 |   395 ||   785
         Headbutt          |       |       |    32 |    63 ||    95
  Throw: Dart              |       |     1 |       |       ||     1
         Boomerang         |       |       |     5 |       ||     5
   Cast: Kiss of Death     |       |     2 |     9 |     3 ||    14
         Vampiric Draining |       |       |       |    15 ||    15
         Fugue of the Fall |       |       |       |     8 ||     8
    Use: Potion            |     2 |     1 |       |     5 ||     8
         Scroll            |       |     5 |     4 |     4 ||    13
   Stab: Paralysed         |       |     3 |     9 |    19 ||    31
         Sleeping          |       |       |       |     1 ||     1
 Armour: Scale mail        |    95 |   124 |    94 |       ||   313
         Leather armour    |     6 |       |       |       ||     6
         Skin              |    24 |       |       |    81 ||   105
         Ring mail         |       |       |    62 |   155 ||   217
         Robe              |       |       |       |    41 ||    41
  Dodge: Dodged            |    66 |    55 |    88 |   121 ||   330
  Block: Kite shield       |       |    37 |    31 |       ||    68
         Buckler           |       |       |    24 |    59 ||    83
